Map: Golden Wall LE

Players

MarineLorD - Winner!

  • Race: Terran Terran
  • League: Master
  • Spawn Location: 5:00

PtitDrogo

  • Race: Protoss Protoss
  • Spawn Location: 7:00

Event: DreamHack SC2 Masters 2020 Fall

VOD

Have the link to the VOD?

Description

Time

  • Played on: Sept. 12, 2020, 11:58 a.m.
  • Length: 9:16

All games in this series

Show
View Real Time Build Order
Export as new Build Order

MarineLorD Terran - Winner!

Build Orders:  

Get SALT Encoding   

  12  0:00  SCV  
  13  0:12  SCV  
  14  0:17  Supply Depot  
  14  0:24  SCV  
  15  0:38  SCV  
  15  0:39  Barracks  
  16  0:43  Refinery  
  16  0:50  SCV  
  17  0:59  Supply Depot  
  17  1:03  SCV  
  18  1:16  SCV  
  19  1:30  Marine  
  19  1:31  Orbital Command  
  20  1:49  Barracks Reactor  
  20  1:57  SCV  
  20  1:58  Command Center  
  21  2:09  SCV  
  21  2:11  Factory  
  22  2:22  SCV  
  23  2:24  Marine x2  
  25  2:30  Refinery  
  25  2:34  SCV  
  26  2:42  Marine x2  
  28  2:46  SCV  
  29  2:58  SCV  
  30  2:59  Starport  
  30  3:06  Marine  
  30  3:09  Marine  
  30  3:10  Widow Mine  
  30  3:11  Orbital Command  
  30  3:12  SCV  
  35  3:23  Marine  
  35  3:24  SCV  
  37  3:27  Marine  
  37  3:28  Orbital Command  
  37  3:31  Widow Mine  
  40  3:37  Medivac  
  40  3:38  SCV  
  40  3:40  Supply Depot  
  43  3:42  Supply Depot  
  43  3:46  Marine x2  
  45  3:51  SCV  
  45  3:52  Factory Tech Lab  
  46  4:02  SCV  
  47  4:03  Barracks  
  47  4:05  SCV  
  48  4:13  Marine x2  
  48  4:14  SCV  
  51  4:19  Starport Tech Lab  
  51  4:20  Siege Tank  
  51  4:22  SCV  
  51  4:23  Refinery  
  55  4:30  Supply Depot  
  55  4:34  Marine  
  55  4:36  Barracks, Marine  
  57  4:39  SCV x2  
  59  4:51  Raven, SCV  
  59  4:52  SCV  
  63  4:58  Factory Reactor  
  63  4:59  Engineering Bay  
  63  5:03  SCV  
  63  5:04  SCV  
  63  5:05  Marine x2  
  63  5:09  Supply Depot  
  63  5:10  Stimpack  
  62  5:21  SCV x2  
  62  5:23  Marine  
  65  5:29  Terran Infantry Weapons Level 1  
  65  5:30  Supply Depot  
  65  5:32  Supply Depot  
  65  5:33  SCV x2  
  67  5:38  Widow Mine x2  
  67  5:39  Marauder  
  67  5:40  Combat Shield  
  67  5:41  Starport Reactor  
  67  5:42  Marine  
  74  5:49  Marine  
  74  5:50  Marauder  
  74  5:51  SCV  
  74  5:54  Supply Depot  
  78  5:59  Widow Mine  
  78  6:00  Marine  
  81  6:05  Marine  
  81  6:07  Marine  
  81  6:09  Supply Depot  
  83  6:11  Marauder  
  83  6:16  Widow Mine  
  83  6:17  Medivac x2  
  83  6:18  Marauder  
  93  6:24  Refinery, Marine  
  94  6:26  Marine  
  97  6:33  Marauder  
  97  6:39  Marauder  
  99  6:42  Command Center, Marine  
  99  6:45  Marine  
  101  6:50  Medivac  
  101  6:53  Widow Mine x2  
  109  6:54  Marauder  
  109  6:55  Concussive Shells  
  109  7:02  Supply Depot  
  109  7:03  Supply Depot  
  109  7:10  Marine  
  110  7:23  Medivac, Marauder x2, Marine  
  110  7:24  Barracks  
  110  7:26  Barracks  
  110  7:28  Marine  
  109  7:41  Marine  
  98  7:44  Marine  
  98  7:45  Marauder  
  98  7:47  Widow Mine x2  
  98  7:50  SCV  
  98  7:51  SCV  
  104  7:56  Marine  
  103  8:02  Medivac  
  103  8:03  Marauder, SCV  
  103  8:05  Orbital Command  
  106  8:06  Marauder  
  106  8:09  Medivac  
  106  8:12  Marine  
  109  8:17  SCV x2  
  112  8:24  Marauder  
  112  8:27  Marine  
  112  8:28  Marauder  
  112  8:29  SCV  
  112  8:32  SCV  
  116  8:35  Marine  
  115  8:41  SCV  
  115  8:44  Marine  
  115  8:45  Marauder  
  115  8:47  Widow Mine x2  
  121  8:49  Marauder, SCV  
  121  8:52  Marine  
Show
View Real Time Build Order
Export as new Build Order

PtitDrogo Protoss 

Build Orders: 1 Gate Expand, Colossus Rush 

Get SALT Encoding   

  12  0:00  Probe  
  13  0:12  Probe  
  14  0:17  Pylon  
  14  0:24  Probe  
  15  0:36  Gateway  
  15  0:38  Probe (Chrono Boost)  
  16  0:47  Assimilator, Probe (Chrono Boost)  
  17  0:52  Probe (Chrono Boost)  
  19  1:04  Probe  
  19  1:16  Probe  
  20  1:23  Cybernetics Core  
  20  1:33  Nexus  
  20  1:39  Pylon  
  20  1:44  Probe  
  21  1:47  Assimilator  
  21  1:56  Adept (Chrono Boost)  
  21  1:58  Probe  
  24  2:04  Shield Battery  
  24  2:06  Warp Gate  
  24  2:12  Probe  
  25  2:18  Stalker (Chrono Boost)  
  27  2:24  Probe  
  28  2:35  Robotics Facility  
  28  2:36  Probe  
  29  2:48  Probe (Chrono Boost)  
  31  2:55  Probe (Chrono Boost)  
  31  2:57  Sentry  
  31  2:58  Probe (Chrono Boost)  
  34  3:02  Gateway  
  34  3:03  Probe (Chrono Boost)  
  34  3:04  Probe  
  36  3:12  Gateway  
  36  3:16  Probe x2  
  38  3:22  Observer (Chrono Boost)  
  39  3:27  Pylon  
  39  3:28  Probe x2  
  41  3:40  Observer, Probe x2  
  44  3:43  Pylon  
  44  3:52  Probe x2  
  44  3:54  Stalker  
  48  3:58  Stalker  
  48  4:00  Pylon  
  50  4:04  Observer, Probe  
  50  4:06  Stalker  
  50  4:07  Probe  
  50  4:09  Pylon  
  54  4:20  Stalker  
  54  4:23  Probe (Chrono Boost)  
  54  4:24  Assimilator  
  57  4:28  Assimilator  
  57  4:30  Probe (Chrono Boost)  
  58  4:36  Probe (Chrono Boost)  
  60  4:39  Probe (Chrono Boost)  
  60  4:42  Probe (Chrono Boost)  
  60  4:44  Pylon  
  61  4:46  Probe  
  61  4:50  Robotics Bay  
  62  4:54  Probe  
  63  5:01  Nexus  
  56  5:08  Observer  
  56  5:11  Probe (Chrono Boost)  
  58  5:16  Probe (Chrono Boost)  
  58  5:17  Robotics Bay  
  58  5:19  Twilight Council  
  58  5:21  Probe (Chrono Boost)  
  59  5:25  Probe (Chrono Boost)  
  59  5:26  Probe (Chrono Boost)  
  61  5:35  Probe  
  62  5:36  Forge  
  62  5:37  Probe  
  62  5:38  Colossus (Chrono Boost)  
  62  5:39  Pylon  
  69  5:47  Probe  
  69  5:49  Probe  
  71  5:53  Extended Thermal Lance  
  71  5:54  Pylon  
  71  5:56  Charge (Chrono Boost)  
  71  5:59  Observer, Probe  
  71  6:01  Probe  
  72  6:09  Shield Battery, Protoss Ground Weapons Level 1  
  72  6:11  Probe  
  72  6:13  Probe x2  
  75  6:24  Probe  
  76  6:27  Gateway  
  76  6:28  Gateway  
  76  6:30  Templar Archives  
  75  6:34  Probe x2  
  75  6:36  Probe  
  75  6:38  Gateway  
  78  6:42  Stalker x2  
  78  6:46  Probe  
  80  6:51  Probe  
  81  6:55  Colossus (Chrono Boost)  
  81  6:59  Probe  
  81  7:01  Probe  
  89  7:03  Pylon, Probe  
  90  7:10  High Templar  
  90  7:11  Zealot x2  
  90  7:14  Photon Cannon  
  94  7:17  Pylon  
  93  7:25  Stalker x2  
  97  7:33  Stalker  
  97  7:34  Zealot x2  
  93  7:38  Probe  
  80  7:44  Colossus (Chrono Boost)  
  80  7:45  Stalker  
  82  7:53  Zealot x2  
  82  7:57  Zealot  
  87  8:02  Zealot  
  78  8:05  Probe (Chrono Boost)  
  78  8:09  Probe x2 (Chrono Boost)  
  78  8:13  Probe (Chrono Boost)  
  78  8:17  Probe x2 (Chrono Boost)  
  81  8:20  Probe  
  81  8:26  Zealot x3  
  82  8:29  Zealot  
  82  8:30  High Templar  
  82  8:31  High Templar  
  81  8:35  Archon  
  81  8:47  Zealot x3  
  72  9:03  Zealot  

Tags
 
Add a new tag
Caveats
  • Supply blocks, unpowered buildings, or Contaminate may cause inaccurate times.
  • Supply counts are checked every 10 seconds.